 Dungeon Crawl Stone Soup version 0.18-a0-1521-g59d19af (webtiles) character file.

683 GrosslyIncandescent the Skirmisher (level 7, -6/56 HPs)
             Began as a Mummy Monk on Mar 7, 2016.
             Mangled by Blork the orc
             ... wielding a cursed +0 battleaxe
              (7 damage)
             ... on level 7 of the Dungeon.
             The game lasted 00:08:44 (7651 turns).

GrosslyIncandescent the Skirmisher (Mummy Monk)     Turns: 7651, Time: 00:08:44

Health: -6/56      AC:  2    Str: 15    XL:     7   Next: 35%
Magic:  7/7        EV: 15    Int: 11    God:
Gold:   268        SH:  0    Dex: 16    Spells: 0 memorised, 6 levels left

rFire  x . .     SeeInvis .       - Unarmed
rCold  + . .     Gourm    .     (no armour)
rNeg   + + +     Faith    .     (no shield)
rPois  ∞         Spirit   .     i - +0 helmet
rElec  .         Dismiss  .     (no cloak)
rCorr  .         Reflect  .     (no gloves)
SustAt .         Harm     .     c - +0 pair of boots
MR     .....                    (no amulet)
Stlth  ++........               (no ring)
                                b - +2 ring of intelligence

@: not resistant to hostile enchantments, unstealthy
A: no food or potions, fire vulnerability, cold resistance 1, negative energy
resistance 3, torment resistance, unbreathing
a: no special abilities


You were on level 7 of the Dungeon.
You were not hungry.

You visited 1 branch of the dungeon, and saw 7 of its levels.

You collected 268 gold pieces.


Innate Abilities, Weirdness & Mutations

You do not eat or drink.
Your flesh is vulnerable to fire.
You are immune to poison.
Your flesh is cold resistant.
You are immune to negative energy.
You are immune to unholy pain and torment.
You can survive without breathing.


   Skills:
 - Level 5.4 Fighting
 - Level 4.6 Dodging
 - Level 1.5 Stealth
 + Level 5.0 Unarmed Combat


You had 6 spell levels left.
You didn't know any spells.

Inventory:

Armour
 c - a +0 pair of boots (worn)
 i - a +0 helmet (worn)
Jewellery
 b - a +2 ring of intelligence (left hand)
Wands
 m - a wand of digging (5/24)
 p - a wand of random effects (25/48)
Scrolls
 a - a scroll of amnesia {unknown}
 d - 2 scrolls of remove curse {unknown}
 e - 6 scrolls of identify {unknown}
 f - a scroll of magic mapping {unknown}
 g - 3 scrolls of immolation {unknown}
 h - 2 scrolls of fear {unknown}
 j - 2 scrolls of recharging {unknown}
 k - a scroll of noise {unknown}
 l - 2 scrolls of blinking {unknown}
 o - 3 scrolls of teleportation {unknown}
Books
 n - a book of Unlife

   Spells                             Type                      Level
   a - Recall                         Summoning/Translocation      3
   b - Animate Dead                   Necromancy                   4
   c - Control Undead                 Necromancy                   4
   d - Cigotuvi's Embrace             Necromancy                   5
   e - Death Channel                  Necromancy                   6
   f - Simulacrum                     Ice/Necromancy               6

Dungeon Overview and Level Annotations

Branches:
Dungeon (7/15)
 Temple: D:4-7

Altars:
Dithmenos
Fedhas
Gozag
Pakellas
Qazlal

Annotations:
D:2 Sigmund
D:4 exclusion: 2 downstairs
D:5 exclusion: water moccasin, Eustachio, Grinder
D:6 Blork the orc

▒ ▒▒▒£ ▒≈.. ▒
.≈▒ ▒.▒▒.▒
▒.oM.▒
........≈##≈...
.▒▒▒▒▒▒...##._.
▒▒.#≈≈...
.▒##... ^▒(≈^.^
.▒ ▒... ▒# #.#


You could see an orc wizard.


Message History

There is a stone staircase leading down here!
The orc wizard hits you but does no damage!
Something hits you but does no damage!
You climb downwards!
Found 19 gold pieces and 17 stones!
Found a stormy altar of Qazlal!
There is a stone staircase leading up here!
You pulverise the orc wizard but do no damage!
The orc wizard hits you but does no damage!
The orc wizard completely misses you!
You squash the orc wizard but do no damage!
Something hits you!!! * * * don't die
* * * The orc wizard looks braver for a moment!
You closely miss the orc wizard! Something hits you! * * * don't die
* * * The orc wizard closely misses you!
You squash the orc wizard like an ant!
The orc wizard is lightly wounded!
The orc wizard closely misses you! Something closely misses you!
The orc wizard barely misses you!
You pummel the orc wizard like a punching bag!
The orc wizard is lightly wounded!
Something hits you! * * * don't die
* * * The orc wizard closely misses you!
Something completely misses you!
You closely miss the orc wizard!
The orc wizard is lightly wounded!
The orc wizard hits you but does no damage!
The orc wizard misses you! Something hits you!!! rip

Action                   |  1- 3 |  4- 6 |  7- 9 || total
-------------------------+-------+-------+-------++-------
Melee: Unarmed           |   171 |   422 |    28 ||   621
 Stab: Sleeping          |       |    11 |     1 ||    12

Vault maps used:
D:1:      minmay_arrival_plants_in_alcoves, minivault_25, st_stairs_5
D:2:      grunt_pakellas_mercury, kennysheep_doodads, kennysheep_generic_room_7,
          uniq_sigmund
D:3:      marbit_many_paths, uniq_robin
D:4:      portal_sewer_entry_f
D:5:      first_bread, uniq_grinder, uniq_eustachio
D:6:      nicolae_overflow_hidden_temple, okawaru_altar_gauntlet_db,
          old_standard_altar, kennysheep_mini_moat, uniq_blork_the_orc
D:7:      grunt_qazlal_sundering, minmay_temple_entry_statues

Notes
Turn   | Place    | Note
--------------------------------------------------------------
     0 | D:1      | GrosslyIncandescent the Mummy Monk began the quest for the Orb.
     0 | D:1      | Reached XP level 1. HP: 18/18 MP: 1/1
   212 | D:1      | Reached XP level 2. HP: 21/24 MP: 2/2
   615 | D:1      | Reached skill level 4 in Unarmed Combat
   662 | D:1      | Reached XP level 3. HP: 13/29 MP: 3/3
  1680 | D:2      | Noticed Sigmund
  1687 | D:2      | Found an oddly glowing altar of Pakellas.
  1853 | D:2      | Reached XP level 4. HP: 20/35 MP: 4/4
  2776 | D:3      | Reached skill level 5 in Unarmed Combat
  3210 | D:3      | Reached XP level 5. HP: 36/41 MP: 5/5
  3407 | D:3      | Noticed Robin
  3520 | D:2      | Killed Robin
  3629 | D:2      | Reached skill level 4 in Fighting
  3940 | D:3      | Found a blossoming altar of Fedhas.
  4838 | D:4      | Reached XP level 6. HP: 50/50 MP: 6/6
  4846 | D:4      | Reached skill level 5 in Fighting
  5885 | D:5      | Entered Level 5 of the Dungeon
  6167 | D:5      | Noticed a water moccasin
  6255 | D:5      | Noticed Eustachio
  6326 | D:5      | Noticed Grinder
  6564 | D:5      | Reached skill level 3 in Dodging
  6599 | D:5      | Paralysed by Grinder for 4 turns
  7257 | D:6      | Noticed an ice beast
  7277 | D:6      | Killed an ice beast
  7277 | D:6      | Reached skill level 4 in Dodging
  7277 | D:6      | Reached XP level 7. HP: 42/56 MP: 7/7
  7384 | D:6      | Found an opulent altar of Gozag.
  7608 | D:6      | Found a shadowy altar of Dithmenos.
  7609 | D:6      | Noticed Blork the orc
  7645 | D:7      | Found a stormy altar of Qazlal.
  7648 | D:7      | HP: 2/56 [something (4)]
  7651 | D:7      | Mangled by Blork the orc

Vanquished Creatures
  An ice beast (D:6)
  A centaur (D:6)
  A scorpion (D:6)
  A crimson imp (D:5)
  3 orc wizards
  A giant frog skeleton (D:5)
  2 worker ants (D:4)
  Robin (D:2)
  9 adders
  An ooze (D:1)
  5 worms
  3 dart slugs (D:1)
  11 giant geckos
  13 orcs
  12 bats
  10 giant cockroaches
  9 hobgoblins
  7 jackals
  9 kobolds
  3 quokkas
  3 ball pythons
  6 giant newts
  15 goblins
  A quokka zombie (D:5)
  11 rats
139 creatures vanquished.
